 Dungeon Crawl Stone Soup version 0.18-a0-844-g9229740 (webtiles) character file.

88 JokEr the Insei (level 4, -7/30 HPs)
             Began as an Octopode Transmuter on Dec 18, 2015.
             Mangled by JokEr's ghost (8 damage)
             ... on level 3 of the Dungeon.
             The game lasted 00:05:30 (2841 turns).

JokEr the Insei (Octopode Transmuter)               Turns: 2841, Time: 00:05:30

Health: -7/30      AC:  1    Str:  9    XL:     4   Next: 54%
Magic:  7/7        EV: 12    Int: 16    God:
Gold:   243        SH:  0    Dex: 12    Spells: 1 memorised, 6 levels left

rFire  . . .     SeeInvis .       - Unarmed
rCold  . . .     Gourm    .     (no shield)
rNeg   . . .     Faith    .     (helmet restricted)
rPois  .         Spirit   .     (no amulet)
rElec  .         Dismiss  .     (no ring)
rCorr  .         Reflect  .     (no ring)
SustAt .         Harm     .     (no ring)
MR     .....                    (no ring)
Stlth  ++........               (no ring)
                                (no ring)
                                (no ring)
                                (no ring)

@: appendage (expiring), not resistant to hostile enchantments, unstealthy
A: almost no armour, amphibious, 8 rings, constrict 8, tentacle spike 3,
camouflage 1, gelatinous body 1
a: End Transformation


You were on level 3 of the Dungeon.
You were hungry.
One of your tentacles had a temporary spike.
You visited 1 branch of the dungeon, and saw 3 of its levels.

You collected 243 gold pieces.

Inventory:

Missiles
 a - 104 arrows
Jewellery
 n - an uncursed ring of positive energy
Scrolls
 h - a scroll of enchant armour
 j - 4 scrolls of identify
 m - a scroll of recharging {unknown}
 o - 2 scrolls of magic mapping
 p - a scroll of amnesia
 t - a scroll of remove curse {unknown}
 u - a scroll of noise {unknown}
Potions
 d - a potion of degeneration
 e - a potion of mutation {unknown}
 g - a potion of haste {unknown}
 i - a potion of curing {unknown}
 l - 2 potions of heal wounds {unknown}
Books
 b - a book of Changes

   Spells                             Type                      Level
   a - Beastly Appendage              Transmutation                1
   b - Sticks to Snakes               Transmutation                2
   c - Spider Form                    Transmutation/Poison         3
   d - Ice Form                       Ice/Transmutation            4
   e - Blade Hands                    Transmutation                5
 q - a book of the Dragon

   Spells                             Type                      Level
   a - Flame Tongue                   Conjuration/Fire             1
   b - Cause Fear                     Hexes                        4
   c - Bolt of Fire                   Conjuration/Fire             6
   d - Dragon Form                    Transmutation                7
   e - Dragon's Call                  Summoning                    9
 s - a book of Enchantments

   Spells                             Type                      Level
   a - Cause Fear                     Hexes                        4
   b - Yara's Violent Unravelling     Hexes/Transmutation          5
   c - Silence                        Hexes/Air                    5
   d - Deflect Missiles               Charms/Air                   6
   e - Haste                          Charms                       6
   f - Discord                        Hexes                        8
Comestibles
 c - 2 bread rations
 f - a beef jerky
 k - 3 fruits
 r - a meat ration


   Skills:
 + Level 2.6 Fighting
 - Level 2.0 Dodging
 + Level 3.8 Unarmed Combat
 - Level 2.0 Spellcasting
 + Level 3.0 Transmutations


You had 6 spell levels left.
You knew the following spells:

 Your Spells              Type           Power        Failure   Level  Hunger
a - Beastly Appendage     Trmt           ##....       8%          1    #......


Dungeon Overview and Level Annotations

Branches:
Dungeon (3/15)

Altars:
Ashenzari
Qazlal

Annotations:
D:3 JokEr's ghost, weakling OpTm


Innate Abilities, Weirdness & Mutations

You cannot wear most types of armour.
You are amphibious.
You can wear up to eight rings at the same time.
You can use your tentacles to constrict eight enemies at once.
Your skin changes colour to match your surroundings (Stealth).
Your rubbery body absorbs attacks (AC +1).
One of your tentacles bears a large vicious spike.


Message History

Drink which item? (? for menu, Esc to quit)
Okay, then.
You barely miss JokEr's ghost.
Your tentacle spike misses JokEr's ghost.
JokEr's ghost is severely damaged.
JokEr's ghost closely misses you.
You tentacle-slap JokEr's ghost but do no damage.
JokEr's ghost is severely damaged.
JokEr's ghost hits you.
* * * LOW HITPOINT WARNING * * *
Drink which item? (? for menu, Esc to quit)
Okay, then.
Read which item? (? for menu, Esc to quit)
Okay, then.
You closely miss JokEr's ghost.
You pierce JokEr's ghost, but do no damage.
Your squeeze misses JokEr's ghost.
JokEr's ghost is severely damaged.
JokEr's ghost hits you!
You die...

#### #########.##.# #.#.#
# #.##.## #.#.# #
#.#...####.#.# #
#..........#.#### #
########.......####.##.##
#
#.......................#
#
#.######)......#######.##
# #.#######W....## #.##
#########.......@#...##
#.##
...........#####.#####
#... ...#######.# #.#
#### ##.# #.# #.# # #.#
#.# #.# # #.# #.#
#.######### # #.# #.#
#.........######## #.#
#.# #########..<......
#.#######.# ##########


You could see JokEr's ghost.

Vanquished Creatures
  3 adders (D:2)
  3 oozes
  A worm (D:2)
  A ball python (D:1)
  6 bats
  3 giant cockroaches
  8 goblins
  5 hobgoblins
  2 jackals (D:2)
  7 kobolds
  A quokka (D:3)
  2 giant newts
  4 rats
  A fungus (D:3)
47 creatures vanquished.

Notes
Turn   | Place    | Note
--------------------------------------------------------------
     0 | D:1      | JokEr the Octopode Transmuter began the quest for the Orb.
     0 | D:1      | Reached XP level 1. HP: 13/13 MP: 3/3
   256 | D:1      | Reached XP level 2. HP: 15/18 MP: 3/5
   903 | D:1      | Reached XP level 3. HP: 24/24 MP: 4/6
  1388 | D:2      | Found a shattered altar of Ashenzari.
  1467 | D:2      | Found a stormy altar of Qazlal.
  1736 | D:2      | Reached XP level 4. HP: 30/30 MP: 7/7
  2823 | D:3      | Noticed JokEr's ghost (weakling OpTm)
  2840 | D:3      | HP: 1/30 [JokEr's ghost (5)]
  2841 | D:3      | Mangled by JokEr's ghost

Vault maps used:
D:1:      minmay_arrival_wavy_path, minmay_misc_feat_hallway
D:2:      lemuel_doored_altar, first_bread, minmay_misc_feat_alley,
          serial_bayou_pond_e, grunt_qazlal_sundering
D:3:      minmay_gold_behind_fungi, patterned_corridor

Action                   |  1- 3 |  4- 6 || total
-------------------------+-------+-------++-------
Melee: Unarmed           |    77 |    49 ||   126
 Cast: Beastly Appendage |    22 |    12 ||    34
  Use: Scroll            |     3 |     2 ||     5
 Stab: Sleeping          |     6 |     6 ||    12
  Eat: Chunk             |     2 |     4 ||     6
